[Event "Titled Tuesday Blitz April 19 Late 2022"]
[White "Mekhitarian, Krikor Sevag"]
[Black "Isajevsky, Anton"]
[WhiteFideId "2107660"]
[BlackFideId "4142500"]
[WhiteElo "2598"]
[BlackElo "2510"]
[Result "0-1"]
[Round "10"]
[TimeControl "180+1"]
[Date "2022.04.19"]
[WhiteClock "0:00:02"]
[BlackClock "0:00:04"]

1. Nf3 d5 2. c4 e6 3. e3 Nf6 4. Nc3 a6 5. b3 c5 6. cxd5 exd5 7. d4 Nc6 8. Bb2 Bg4 9. dxc5 Bxc5 10. Be2 O-O 11. O-O Qd6 12. h3 Bxf3 13. Bxf3 Rad8 14. Ne2 Ba7 15. Ng3 g6 16. Rc1 Bb8 17. Re1 Rfe8 18. Nf1 Ne4 19. g3 h5 20. Bg2 h4 21. g4 Qe7 22. a3 Be5 23. Qe2 Bxb2 24. Qxb2 Ne5 25. Red1 Qf6 26. Qe2 Rc8 27. Rxc8 Rxc8 28. Rxd5 Nc3 29. Qc2 Nf3+ 30. Kh1 Rc6 31. Qd3 Nxd5 32. Qxd5 Rc1 33. Qd3 Re1 34. Qc2 Kg7 35. g5 Qf5 36. Qxf5 gxf5 37. b4 Nd2 38. a4 Ne4 39. f3 Nd2 40. Kg1 Nxf1 41. Bxf1 Rb1 42. b5 axb5 43. axb5 Kg6 44. f4 f6 45. gxf6 Kxf6 46. Kf2 Rb2+ 47. Be2 Ra2 48. Kf3 b6 49. Bd3 Ra3 50. Be2 Ra2 51. Bf1 Ra1 52. Be2 Rg1 53. Kf2 Rg3 54. Bf1 Ke6 55. Bg2 Kf6 56. Bf1 Rg7 57. Bg2 Rd7 58. Bc6 Rd2+ 59. Kf1 Rb2 60. Kg1 Re2 61. e4 fxe4 62. Kf1 Rb2 63. Bxe4 Rxb5 64. Kf2 Rb3 65. Bd5 Rxh3 66. Bg2 Rc3 0-1


[Site "https://www.chess.com"]

[Event "Titled Tuesday Blitz April 19 Late 2022"]
[White "Mikhalsky, Vladimir"]
[Black "Schekachikhin, Maksim"]
[WhiteFideId "14144352"]
[BlackFideId "24177830"]
[WhiteElo "2301"]
[BlackElo "2230"]
[Result "0-1"]
[Round "10"]
[TimeControl "180+1"]
[Date "2022.04.19"]
[WhiteClock "0:00:02"]
[BlackClock "0:00:39"]

1. c4 c5 2. Nf3 Nf6 3. Nc3 e6 4. d4 cxd4 5. Nxd4 d5 6. cxd5 Nxd5 7. Nb3 Nxc3 8. Qxd8+ Kxd8 9. bxc3 Bd7 10. e4 Bd6 11. Be3 Ke7 12. O-O-O Rc8 13. Kb2 Nc6 14. Nc5 Ne5 15. Nxd7 Nxd7 16. f4 Bc5 17. Bd4 Nb6 18. Bxg7 f6 19. e5 f5 20. Bf6+ Kf7 21. Be2 Nd5 22. Bh5+ Kf8 23. Bg5 Be7 24. Bh6+ Kg8 25. Rd3 Bf8 26. Rg3+ Kh8 27. Bg5 Bg7 28. Rd1 h6 29. Bf6 Bxf6 30. exf6 Nxf6 31. Rg6 Nxh5 32. Rxh6+ Kg7 33. Rxh5 Rc7 34. Rd3 Rac8 35. Rg3+ Kf6 36. Rh6+ Ke7 37. Rg7+ Kd6 38. Rxc7 Rxc7 39. Rg6 Rc4 40. g3 Re4 41. Kb3 Re2 42. h4 Rh2 43. Rg5 b5 44. Rg7 a5 45. a4 Kc5 46. axb5 Kxb5 47. Rb7+ Kc5 48. Ra7 Rh3 49. Rxa5+ Kd6 50. Ra6+ Ke7 51. Ra7+ Kf6 52. Rh7 Rxg3 53. Kb4 Rf3 54. c4 Rxf4 55. Kb5 e5 56. c5 Rf1 57. Kc6 e4 58. Rh6+ Ke5 59. Kd7 Rc1 60. c6 e3 61. c7 f4 62. Re6+ Kf5 63. Re8 Kg4 64. Re4 Kf3 65. Re7 e2 66. h5 Kf2 67. h6 Rd1+ 68. Ke6 e1=Q+ 69. Kf7 Qc3 0-1


[Site "https://www.chess.com"]

[Event "Titled Tuesday Blitz April 19 Late 2022"]
[White "Miszler, Levente"]
[Black "Spata, German"]
[WhiteFideId "763276"]
[BlackFideId "113026"]
[WhiteElo "1966"]
[BlackElo "2238"]
[Result "1-0"]
[Round "10"]
[TimeControl "180+1"]
[Date "2022.04.19"]
[WhiteClock "0:00:46"]
[BlackClock "0:00:13"]

1. Nf3 g6 2. g3 d6 3. Bg2 Bg7 4. O-O Nd7 5. c4 e5 6. Nc3 Ne7 7. d3 O-O 8. Rb1 f5 9. Qc2 Nc5 10. b4 Ne6 11. Nd2 Nd4 12. Qd1 f4 13. e3 f3 14. Nxf3 Nxf3+ 15. Bxf3 Rxf3 16. Qxf3 Bd7 17. e4 Nc6 18. Be3 Be6 19. Nd5 Qd7 20. Qe2 Bh3 21. Rfc1 Rf8 22. b5 Nd8 23. c5 Bg4 24. Qf1 Ne6 25. cxd6 cxd6 26. h3 Bf3 27. Kh2 h5 28. Qe1 h4 29. a4 hxg3+ 30. fxg3 Rf7 31. Qd2 Bh8 32. Rf1 Nf8 33. Rbc1 Rh7 34. h4 Qg4 35. Qf2 Rf7 36. Rc7 Rxc7 37. Nxc7 1-0


[Site "https://www.chess.com"]

[Event "Titled Tuesday Blitz April 19 Late 2022"]
[White "Mohammadian, Mohammad"]
[Black "Bongo Akanga Ndjila, Barthelemy"]
[WhiteFideId "12566055"]
[BlackFideId "10609431"]
[WhiteElo "1544"]
[BlackElo "1768"]
[Result "0-1"]
[Round "10"]
[TimeControl "180+1"]
[Date "2022.04.19"]
[WhiteClock "0:00:36"]
[BlackClock "0:01:12"]

1. e4 g6 2. d4 d6 3. Bd3 Nc6 4. c3 Bg7 5. Be3 Nf6 6. h3 e5 7. d5 Ne7 8. Nf3 O-O 9. Nbd2 Nh5 10. O-O Nf4 11. Bc2 f6 12. Re1 f5 13. c4 a6 14. Nf1 b5 15. b3 Rb8 16. Ng3 Nxg2 17. Kxg2 f4 18. Bd2 fxg3 19. fxg3 Qd7 20. g4 bxc4 21. bxc4 g5 22. Nxg5 Ng6 23. Ne6 Qe7 24. Nxf8 Bxf8 25. Rf1 Bg7 26. Qe2 Bd7 27. Rab1 Rf8 28. Rxf8+ Qxf8 29. Rf1 Nf4+ 30. Bxf4 exf4 31. Qf3 Be5 32. Bb3 Qg7 33. Rb1 Qg6 34. Bc2 Qg5 35. Rb7 h5 36. Rxc7 hxg4 37. Qxg4 Bxg4 38. hxg4 Qxg4+ 39. Kf1 f3 40. Rc8+ Qxc8 41. Kf2 Qg4 42. Bd1 Qg2+ 43. Ke3 f2 44. Be2 Qg3+ 45. Kd2 Bf4+ 46. Kc2 Qe3 47. Bd3 Qd2+ 48. Kb3 Qxd3+ 49. Kb4 f1=Q 50. c5 Qc4+ 51. Ka5 Qb5# 0-1


[Site "https://www.chess.com"]

[Event "Titled Tuesday Blitz April 19 Late 2022"]
[White "Musovic, Armin"]
[Black "Hernandez Bermudez, Ulises Eduardo"]
[WhiteFideId "939935"]
[BlackFideId "3902510"]
[WhiteElo "2255"]
[BlackElo "2056"]
[Result "1-0"]
[Round "10"]
[TimeControl "180+1"]
[Date "2022.04.19"]
[WhiteClock "0:00:26"]
[BlackClock "0:00:02"]

1. e4 c5 2. c3 Nf6 3. f3 e6 4. d4 cxd4 5. cxd4 d5 6. e5 Nfd7 7. Nc3 Nc6 8. f4 Be7 9. Nf3 O-O 10. Bd3 f6 11. O-O fxe5 12. fxe5 Kh8 13. Kh1 b6 14. Be3 Bb7 15. Rc1 Qe8 16. h3 Qh5 17. Kh2 Rac8 18. g4 Qe8 19. Bb1 Rf7 20. a3 Nf8 21. Qd3 g6 22. Bh6 Qd7 23. Ng5 Rxf1 24. Rxf1 Na5 25. Rf7 Qe8 26. Qf3 Nc4 27. Bg7+ Kg8 28. Bf6 Qxf7 29. Nxf7 Kxf7 30. Bxe7+ Kxe7 31. Qf6+ Ke8 32. Nb5 a6 33. Nd6+ Nxd6 34. exd6 Kd7 35. Qe7+ Kc6 36. a4 Nd7 37. b4 b5 38. axb5+ axb5 39. Bd3 Ba6 40. Qxh7 Rf8 41. Kg3 Kxd6 42. Qxg6 Rc8 43. h4 Rc3 44. h5 Ke7 45. Kh4 Nf6 46. Qg7+ Kd6 47. Qxf6 Rxd3 48. Qd8+ Kc6 49. h6 Rxd4 50. h7 1-0


[Site "https://www.chess.com"]

[Event "Titled Tuesday Blitz April 19 Late 2022"]
[White "Nakamura, Hikaru"]
[Black "Keymer, Vincent"]
[WhiteFideId "2016192"]
[BlackFideId "12940690"]
[WhiteElo "2850"]
[BlackElo "2557"]
[Result "1-0"]
[Round "10"]
[TimeControl "180+1"]
[Date "2022.04.19"]
[WhiteClock "0:00:20"]
[BlackClock "0:00:02"]

1. Nf3 d5 2. b3 Bg4 3. e3 c6 4. Bb2 Nd7 5. d3 Ngf6 6. Nbd2 a5 7. h3 Bh5 8. g4 Bg6 9. Nh4 e5 10. a3 Bd6 11. Bg2 Nc5 12. Nxg6 hxg6 13. g5 Nfd7 14. Qg4 Qe7 15. h4 Ne6 16. c4 Nec5 17. Ke2 d4 18. Rab1 O-O-O 19. b4 Na4 20. c5 Bc7 21. b5 dxe3 22. fxe3 cxb5 23. c6 Kb8 24. cxd7 Rxd7 25. Ba1 Nc5 26. Rxb5 Rxd3 27. Ne4 Ne6 28. Rhb1 Qxa3 29. Rxb7+ Kc8 30. Kf1 Rxe3 31. Kg1 Rd3 32. Nf2 Rd7 33. Qe4 Kd8 34. Bxe5 Bxe5 35. Qxe5 Rxb7 36. Rxb7 Qc1+ 37. Bf1 Qc6 38. Rb8+ Kd7 39. Rxh8 1-0


[Site "https://www.chess.com"]

[Event "Titled Tuesday Blitz April 19 Late 2022"]
[White "Nazaretyan, Tigran"]
[Black "Lopez Idarraga, Daniel Eduardo"]
[WhiteFideId "24162345"]
[BlackFideId "4405501"]
[WhiteElo "2225"]
[BlackElo "2055"]
[Result "1-0"]
[Round "10"]
[TimeControl "180+1"]
[Date "2022.04.19"]
[WhiteClock "0:00:28"]
[BlackClock "0:00:18"]

1. d4 d5 2. c4 c6 3. Nf3 Nf6 4. Nc3 e6 5. e3 Nbd7 6. Qc2 Bd6 7. Be2 O-O 8. O-O b6 9. Rd1 Bb7 10. b3 Qe7 11. Bb2 Rac8 12. e4 Ba3 13. e5 Ne8 14. Bxa3 Qxa3 15. Ng5 g6 16. Rd3 Qe7 17. f4 c5 18. cxd5 cxd4 19. d6 Qd8 20. Rxd4 Nxe5 21. Nxh7 Nc6 22. Rdd1 Kxh7 23. d7 Rc7 24. dxe8=Q Qxe8 25. Ne4 Qe7 26. Qc3 e5 27. Rac1 Rfc8 28. Nd6 Nd4 29. Qh3+ Kg7 30. Nxc8 Bxc8 31. Qe3 1-0


[Site "https://www.chess.com"]

[Event "Titled Tuesday Blitz April 19 Late 2022"]
[White "Noboa Silva, Kevin"]
[Black "Balint, Vilmos"]
[WhiteFideId "3618471"]
[BlackFideId "718050"]
[WhiteElo "2172"]
[BlackElo "2059"]
[Result "1-0"]
[Round "10"]
[TimeControl "180+1"]
[Date "2022.04.19"]
[WhiteClock "0:00:06"]
[BlackClock "0:00:29"]

1. e4 e6 2. d4 d5 3. Nd2 c5 4. exd5 exd5 5. dxc5 Bxc5 6. Ngf3 Nf6 7. Bb5+ Bd7 8. Qe2+ Qe7 9. Qxe7+ Bxe7 10. Bxd7+ Nbxd7 11. O-O O-O 12. Nb3 Rac8 13. c3 Nb6 14. Re1 Bd6 15. Nbd4 Ne4 16. Nf5 Rfd8 17. Be3 g6 18. Nxd6 Rxd6 19. Bd4 Nc4 20. Re2 f6 21. h4 Kf7 22. g4 a5 23. Rd1 a4 24. Kg2 b5 25. g5 fxg5 26. Nxg5+ Nxg5 27. hxg5 Re6 28. Rxe6 Kxe6 29. b3 axb3 30. axb3 Na5 31. b4 Nc4 32. Rh1 Rc7 33. Kg3 Kf5 34. Bf6 Nd2 35. f3 d4 36. Re1 Nxf3 37. Kxf3 Rxc3+ 38. Kf2 Rb3 39. Re5+ Kf4 40. Rxb5 d3 41. Rd5 Rxb4 42. Rxd3 Rb6 43. Rh3 h5 44. Rd3 Ra6 45. Kg2 Ra2+ 46. Kh3 Re2 47. Rd6 Re3+ 48. Kh2 Re2+ 49. Kh3 Re3+ 50. Kg2 Re2+ 51. Kf1 Rc2 52. Bd8 Rc8 53. Be7 Re8 54. Bf6 h4 55. Kf2 Kg4 56. Rd4+ Kh5 57. Kf3 Ra8 58. Rd3 Ra4 59. Kg2 Ra2+ 60. Kh3 Ra4 61. Re3 Rb4 62. Be7 Rc4 63. Rf3 Re4 64. Bd8 Rd4 65. Bc7 Rc4 66. Bb6 Kxg5 67. Bd8+ Kh5 68. Rd3 g5 69. Rd5 Rc3+ 70. Kh2 Rg3 71. Be7 Rg4 72. Rc5 Kg6 73. Rc6+ Kf7 74. Bd8 Rg3 75. Rc5 Kg6 76. Be7 Rg4 77. Bd8 Kf7 78. Rc6 Rg3 79. Rc7+ Ke6 80. Rc6+ Kf5 81. Rc5+ Kg4 82. Rxg5+ Kf3 83. Rf5+ Ke4 84. Rf7 Rd3 85. Bxh4 Rd2+ 86. Kh3 Rd1 87. Bg3 Rh1+ 88. Kg4 Rd1 89. Re7+ Kd5 90. Rd7+ Ke4 91. Rxd1 Ke3 92. Rd7 Ke2 93. Kf4 Kf1 94. Bh4 Kg2 95. Bg5 Kh3 96. Rd4 Kh2 97. Kg4 Kg2 98. Rd2+ Kh1 99. Kg3 1-0


[Site "https://www.chess.com"]

[Event "Titled Tuesday Blitz April 19 Late 2022"]
[White "Novikova, Galina"]
[Black "Vusatiuk, Vladimir"]
[WhiteFideId "4157095"]
[BlackFideId "14118610"]
[WhiteElo "1863"]
[BlackElo "2157"]
[Result "0-1"]
[Round "10"]
[TimeControl "180+1"]
[Date "2022.04.19"]
[WhiteClock "0:01:36"]
[BlackClock "0:01:28"]

1. e4 Nc6 2. Nf3 d5 3. e5 Bg4 4. d4 e6 5. Be2 f6 6. Bf4 g5 7. Nxg5 Bxe2 8. Qxe2 fxg5 9. Qh5+ Kd7 10. Bxg5 Qe8 11. Qh4 Be7 12. c3 Qg6 13. Bxe7 Qxg2 14. Rf1 Ngxe7 15. Nd2 Nf5 16. Qf4 Rhg8 17. O-O-O Rg4 18. Qf3 Qxf3 19. Nxf3 Rag8 20. b4 Rf4 21. Nd2 Rg2 22. Nb3 b6 23. Rd2 Rxh2 24. a4 h5 25. a5 h4 26. axb6 axb6 27. Rg1 h3 28. Rg8 Rg2 29. Rh8 h2 30. Kc2 Rh4 0-1


[Site "https://www.chess.com"]

[Event "Titled Tuesday Blitz April 19 Late 2022"]
[White "Oparin, Grigoriy"]
[Black "Czopor, Maciej"]
[WhiteFideId "24125890"]
[BlackFideId "21805431"]
[WhiteElo "2665"]
[BlackElo "1999"]
[Result "1-0"]
[Round "10"]
[TimeControl "180+1"]
[Date "2022.04.19"]
[WhiteClock "0:00:21"]
[BlackClock "0:00:02"]

1. e4 c5 2. Nf3 e6 3. d4 cxd4 4. Nxd4 Nc6 5. Nc3 a6 6. Be3 Nf6 7. Qf3 d6 8. Nxc6 bxc6 9. O-O-O Qa5 10. Bc4 Be7 11. e5 Nd5 12. exd6 Bxd6 13. Nxd5 cxd5 14. Bxd5 exd5 15. Rxd5 Qxa2 16. Rxd6 O-O 17. Qxa8 Qa1+ 18. Kd2 Qxh1 19. Qd5 Be6 20. Qg5 Qxh2 21. Bd4 f6 22. Qg3 Qxg3 23. fxg3 Bc4 24. b3 Bf1 25. Ke1 Bxg2 26. Rxa6 Rc8 27. c4 Rb8 28. Ra3 Kf7 29. Kd2 g5 30. Kc3 f5 31. Ra6 Be4 32. Rh6 Ke7 33. Rxh7+ Ke6 34. Rh6+ Kd7 35. b4 Ra8 36. b5 Ra1 37. Be5 Rc1+ 38. Kd4 Rb1 39. Kc5 Bd3 40. Rd6+ Ke7 41. Rxd3 1-0


[Site "https://www.chess.com"]

[Event "Titled Tuesday Blitz April 19 Late 2022"]
[White "Petesch, Gabriel"]
[Black "Tregubov, Pavel V."]
[WhiteFideId "2032465"]
[BlackFideId "4115341"]
[WhiteElo "2374"]
[BlackElo "2341"]
[Result "0-1"]
[Round "10"]
[TimeControl "180+1"]
[Date "2022.04.19"]
[WhiteClock "0:00:04"]
[BlackClock "0:00:04"]

1. g3 c5 2. Bg2 Nc6 3. c4 Nf6 4. Nc3 g6 5. Nf3 Bg7 6. O-O O-O 7. b3 d5 8. cxd5 Nxd5 9. Bb2 Nc7 10. Rc1 Bd7 11. Na4 b6 12. Bxg7 Kxg7 13. d4 Rc8 14. dxc5 b5 15. Nc3 e5 16. Qd6 Ne8 17. Qd2 b4 18. Ne4 Qe7 19. Rfd1 Be6 20. Nd6 Rd8 21. Ng5 Nd4 22. e3 Qxg5 23. exd4 Qxd2 24. Rxd2 Nxd6 25. cxd6 Rxd6 26. d5 Rfd8 27. Rc5 f5 28. Re2 Bxd5 29. Rxe5 Bf7 30. Rc7 Rd1+ 31. Bf1 R8d7 32. Re7 Rxe7 33. Rxe7 a5 34. Ra7 Ra1 35. Kg2 Kf6 36. Rxa5 Kg5 37. h4+ Kh6 38. Ra6 Bd5+ 39. f3 Bxf3+ 40. Kf2 Be4 41. Ra4 Bc6 42. Ra7 Bd5 43. Ra4 Rb1 44. Be2 Rb2 45. Ke3 Be4 46. g4 Bb1 47. g5+ Kg7 48. Rxb4 Bxa2 49. Rb7+ Kf8 50. Bc4 Rh2 51. Rxh7 Bb1 52. Kf4 Be4 53. Ke5 Bc2 54. Kf6 Ke8 55. Kxg6 f4+ 56. Kg7 Bxh7 57. Kxh7 Rxh4+ 58. Kg6 f3 59. Kf5 Rxc4 0-1


[Site "https://www.chess.com"]

[Event "Titled Tuesday Blitz April 19 Late 2022"]
[White "Petrova, Irina"]
[Black "Przybylski, Wojciech"]
[WhiteFideId "14124122"]
[BlackFideId "1117599"]
[WhiteElo "1993"]
[BlackElo "2133"]
[Result "0-1"]
[Round "10"]
[TimeControl "180+1"]
[Date "2022.04.19"]
[WhiteClock "0:00:01"]
[BlackClock "0:00:10"]

1. e4 e5 2. Nf3 Nf6 3. Nxe5 d6 4. Nf3 Nxe4 5. Bd3 Nc5 6. Be2 d5 7. O-O Be7 8. Re1 O-O 9. Bf1 Bg4 10. h3 Bh5 11. d4 Ne6 12. c3 Nd7 13. Be3 Nf6 14. Nbd2 Ne4 15. Qb3 c5 16. dxc5 N6xc5 17. Qc2 Nxd2 18. Nxd2 Bg6 19. Qd1 Nd3 20. Bxd3 Bxd3 21. Nf3 Be4 22. Nd4 Bd6 23. Qd2 a6 24. Bf4 Bc5 25. Rad1 Qh4 26. Nb3 Bb6 27. Be3 Bc7 28. Nd4 Rfe8 29. Bg5 Qh5 30. Bf4 Bb6 31. Bg3 h6 32. Re2 Qg6 33. Rde1 h5 34. f3 Qxg3 35. fxe4 dxe4 36. Rxe4 Rxe4 37. Rxe4 Rd8 38. Qe2 g6 39. Re8+ Kg7 40. Rxd8 Bxd8 41. Qf2 Qg5 42. Qe2 Bf6 43. Nf3 Qc1+ 44. Kh2 Qf4+ 45. Kg1 h4 46. Kf2 Qg3+ 47. Kg1 Qf4 48. Kf2 b5 49. Qe3 Qf5 50. Qe2 Qd5 51. Kg1 Qxa2 52. Qd2 Qb1+ 53. Kh2 Qe4 54. Qf2 Qf4+ 55. Kg1 a5 0-1


[Site "https://www.chess.com"]

[Event "Titled Tuesday Blitz April 19 Late 2022"]
[White "Petrovic, Aleksa"]
[Black "Soysal, Serkan"]
[WhiteFideId "967629"]
[BlackFideId "6349250"]
[WhiteElo "2198"]
[BlackElo "2440"]
[Result "0-1"]
[Round "10"]
[TimeControl "180+1"]
[Date "2022.04.19"]
[WhiteClock "0:00:02"]
[BlackClock "0:00:06"]

1. d4 Nf6 2. c4 g6 3. Nc3 d5 4. Nf3 Bg7 5. Qa4+ Bd7 6. Qb3 dxc4 7. Qxc4 O-O 8. Bf4 b5 9. Nxb5 Nc6 10. e3 Qb8 11. Qc1 Nd5 12. Bg3 Ncb4 13. Nc3 Bf5 14. e4 Nxc3 15. bxc3 Bxe4 16. cxb4 Bxf3 17. gxf3 Qxb4+ 18. Qd2 Qa4 19. Rd1 Rfd8 20. d5 Qa3 21. Qc2 Bc3+ 22. Ke2 Rab8 23. Rb1 Rxb1 24. Qxb1 Rxd5 25. f4 Bb4 26. Bg2 Rd2+ 27. Kf1 Rb2 28. Qd1 Rd2 29. Qb1 Rb2 30. Qd1 Rxa2 31. Bf3 Ra1 32. Kg2 Rxd1 33. Rxd1 Bd6 34. Rb1 Qc5 35. Rb8+ Kg7 36. h4 a5 37. h5 gxh5 38. Be2 h4 39. f5 hxg3 40. fxg3 0-1


[Site "https://www.chess.com"]

[Event "Titled Tuesday Blitz April 19 Late 2022"]
[White "Piliczewski, Bogusz"]
[Black "Araujo Filho, Luiz Antonio Coel"]
[WhiteFideId "1104144"]
[BlackFideId "2130661"]
[WhiteElo "1896"]
[BlackElo "2307"]
[Result "0-1"]
[Round "10"]
[TimeControl "180+1"]
[Date "2022.04.19"]
[WhiteClock "0:00:02"]
[BlackClock "0:00:20"]

1. d4 f5 2. Nf3 Nf6 3. Bf4 g6 4. h3 Bg7 5. e3 O-O 6. Be2 d6 7. O-O Nbd7 8. c4 c6 9. Qb3 Kh8 10. Nc3 Qe8 11. d5 Nc5 12. Qa3 cxd5 13. cxd5 Bd7 14. Nd4 Nce4 15. Ne6 Nxc3 16. bxc3 Bxe6 17. dxe6 Nd5 18. Rac1 Nxf4 19. exf4 a6 20. Bf3 Rb8 21. c4 Qc8 22. Bd5 Bd4 23. Rfd1 Bc5 24. Qb2+ Kg8 25. Rb1 b5 26. Qe2 b4 27. h4 a5 28. h5 Kg7 29. Qb2+ Rf6 30. hxg6 hxg6 31. Rd3 Qc7 32. Rh3 Rh8 33. Rxh8 Kxh8 34. g3 a4 35. Kg2 Kg7 36. Rh1 Qb8 37. f3 Qb6 38. g4 fxg4 39. fxg4 Bd4 40. Qd2 Be3 41. Qb2 Bxf4 0-1


[Site "https://www.chess.com"]

[Event "Titled Tuesday Blitz April 19 Late 2022"]
[White "Pinheiro, Iung Alicio de O."]
[Black "Zherebtsova, Alexandra"]
[WhiteFideId "2104350"]
[BlackFideId "24129518"]
[WhiteElo "2590"]
[BlackElo "2025"]
[Result "1-0"]
[Round "10"]
[TimeControl "180+1"]
[Date "2022.04.19"]
[WhiteClock "0:00:47"]
[BlackClock "0:00:01"]

1. c4 e5 2. g3 f5 3. d4 e4 4. Nh3 g6 5. Bg2 Bg7 6. Nc3 Nf6 7. Bg5 c6 8. Qb3 h6 9. Bxf6 Qxf6 10. e3 g5 11. Ng1 d6 12. Nge2 Nd7 13. g4 fxg4 14. Nxe4 Qg6 15. N2g3 Nb6 16. c5 dxc5 17. dxc5 Be6 18. Qc2 O-O 19. cxb6 axb6 20. a3 Rae8 21. Qe2 h5 22. Nc3 h4 23. Be4 Qf6 24. Nh5 Qh6 25. Nxg7 Qxg7 26. Bd3 1-0


[Site "https://www.chess.com"]

[Event "Titled Tuesday Blitz April 19 Late 2022"]
[White "Prohorov, Olexandr"]
[Black "Leitao, Rafael"]
[WhiteFideId "14105578"]
[BlackFideId "2101246"]
[WhiteElo "1993"]
[BlackElo "2609"]
[Result "1/2-1/2"]
[Round "10"]
[TimeControl "180+1"]
[Date "2022.04.19"]
[WhiteClock "0:01:09"]
[BlackClock "0:00:41"]

1. e4 c5 2. c3 Nf6 3. e5 Nd5 4. g3 e6 5. Bg2 d6 6. exd6 Bxd6 7. Nf3 O-O 8. O-O Nc6 9. d4 Nf6 10. c4 cxd4 11. Nxd4 Nxd4 12. Qxd4 Qc7 13. Nc3 a6 14. Bg5 Be5 15. Qh4 h6 16. Be3 Bd7 17. Rac1 Rac8 18. b3 b5 19. Ne4 Nxe4 20. Qxe4 Bb2 21. Rc2 Ba3 22. Rd1 Bc6 23. Qxc6 Qxc6 24. Bxc6 Rxc6 25. Rd7 Rfc8 26. Ra7 g5 27. Rd2 bxc4 28. bxc4 R8c7 29. Ra8+ Rc8 30. Ra7 R8c7 31. Ra8+ Rc8 32. Ra7 1/2-1/2


[Site "https://www.chess.com"]

[Event "Titled Tuesday Blitz April 19 Late 2022"]
[White "Reprintsev, Alexander"]
[Black "Potapova, Margarita"]
[WhiteFideId "14100541"]
[BlackFideId "14126869"]
[WhiteElo "2108"]
[BlackElo "2216"]
[Result "1-0"]
[Round "10"]
[TimeControl "180+1"]
[Date "2022.04.19"]
[WhiteClock "0:00:45"]
[BlackClock "0:00:21"]

1. e4 c5 2. b3 Nc6 3. Bb2 d6 4. Bb5 Bd7 5. Ne2 e6 6. O-O Nf6 7. d3 Be7 8. Nd2 O-O 9. Ng3 a6 10. Bxc6 Bxc6 11. f4 b5 12. Nh5 Nxh5 13. Qxh5 Bf6 14. e5 dxe5 15. fxe5 Be7 16. Rae1 g6 17. Qg4 h5 18. Qe2 Bh4 19. Rd1 Kg7 20. Ne4 Be7 21. Nf6 Bxf6 22. exf6+ Kh7 23. c4 Bb7 24. Qe3 Qd7 25. Qxc5 Rac8 26. Qg5 Qc6 27. Bc1 Qc5+ 28. Qxc5 Rxc5 29. Ba3 Rg5 30. Rf2 Rd8 31. d4 bxc4 32. bxc4 Ra5 33. Bb4 Ra4 34. Rb2 Be4 35. Kf2 a5 36. Be7 Rd7 37. Ke3 Bf5 38. Rc1 Ra3+ 39. Bxa3 1-0


[Site "https://www.chess.com"]

[Event "Titled Tuesday Blitz April 19 Late 2022"]
[White "Ricaurte Lopez, Juan Carlos"]
[Black "Mirza, Diana"]
[WhiteFideId "3600327"]
[BlackFideId "2503999"]
[WhiteElo "2209"]
[BlackElo "1813"]
[Result "1-0"]
[Round "10"]
[TimeControl "180+1"]
[Date "2022.04.19"]
[WhiteClock "0:00:15"]
[BlackClock "0:00:03"]

1. e4 d5 2. exd5 Qxd5 3. Nc3 Qd8 4. d4 Nf6 5. Bc4 a6 6. Nf3 b5 7. Bb3 Bb7 8. Ne5 e6 9. O-O Bd6 10. Bg5 O-O 11. f4 h6 12. Bh4 Nbd7 13. Nxd7 Qxd7 14. Bxf6 gxf6 15. Qh5 Kh7 16. f5 Rg8 17. Rf2 Qc6 18. d5 Qb6 19. Ne4 Be5 20. Qxf7+ Rg7 21. Nxf6+ Kh8 22. Qh5 Bxf6 23. Qxh6+ Kg8 24. Qxf6 exd5 25. Qxb6 cxb6 26. Rd1 Rd8 27. f6 Rg5 28. h3 Kf8 29. g4 a5 30. a3 d4 31. Rf4 Bd5 32. Rfxd4 Rd7 33. Rxd5 Rdxd5 34. Rxd5 Rxd5 35. Bxd5 Ke8 36. g5 Kf8 1-0


[Site "https://www.chess.com"]

[Event "Titled Tuesday Blitz April 19 Late 2022"]
[White "Saraci, Nderim"]
[Black "Hnydiuk, Aleksander"]
[WhiteFideId "6351921"]
[BlackFideId "1109057"]
[WhiteElo "2553"]
[BlackElo "2374"]
[Result "1-0"]
[Round "10"]
[TimeControl "180+1"]
[Date "2022.04.19"]
[WhiteClock "0:01:32"]
[BlackClock "0:00:03"]

1. b3 e5 2. Bb2 Nc6 3. e3 Nf6 4. Nf3 e4 5. Ne5 Bd6 6. Ng4 Be7 7. c4 O-O 8. Nc3 Nxg4 9. Qxg4 d5 10. Qd1 Bf6 11. cxd5 Nb4 12. Bc4 c6 13. dxc6 Be6 14. Be2 bxc6 15. O-O Nd3 16. Bxd3 Qxd3 17. Na4 Be7 18. Rc1 Rfd8 19. Bd4 Bd5 20. Rc3 Qa6 21. Qg4 Bf8 22. Bc5 1-0


[Site "https://www.chess.com"]

[Event "Titled Tuesday Blitz April 19 Late 2022"]
[White "Sarana, Alexey"]
[Black "Gledura, Benjamin"]
[WhiteFideId "24133795"]
[BlackFideId "712779"]
[WhiteElo "2666"]
[BlackElo "2326"]
[Result "0-1"]
[Round "10"]
[TimeControl "180+1"]
[Date "2022.04.19"]
[WhiteClock "0:00:01"]
[BlackClock "0:00:49"]

1. d4 Nf6 2. c4 g6 3. Nc3 d5 4. cxd5 Nxd5 5. e4 Nxc3 6. bxc3 Bg7 7. Bc4 c5 8. Ne2 Nc6 9. Be3 O-O 10. Rc1 b6 11. h4 h5 12. f3 e6 13. dxc5 Ne5 14. Qb3 b5 15. Bxb5 Rb8 16. Rd1 Qa5 17. Nd4 a6 18. a4 axb5 19. axb5 Bd7 20. O-O Bxb5 21. Ra1 Bxf1 22. Rxa5 Rxb3 23. Nxb3 Rb8 24. Nd4 Nc4 25. Nc6 Nxa5 26. Nxb8 Bb5 27. Bd4 Nc6 28. Bxg7 Kxg7 29. Nd7 f6 30. Kf2 Kf7 31. Ke3 Ke7 32. Nb6 Kd8 33. c4 Ba6 34. Kd3 Kc7 35. Kc3 Ne5 36. Kd4 Kc6 37. f4 Nd7 38. Na4 e5+ 39. fxe5 fxe5+ 40. Ke3 Nxc5 41. Nb2 Bc8 42. Nd1 Be6 43. Nf2 Bxc4 44. g4 Be6 45. gxh5 gxh5 46. Nh1 Bg4 47. Ng3 Ne6 48. Nf1 Nf4 49. Kf2 Kc5 50. Nd2 Kd4 51. Kg3 Ne2+ 52. Kf2 Nc3 53. Nb3+ Kxe4 54. Nc5+ Kd5 55. Nd3 Kd4 56. Nb4 Ne4+ 57. Kg2 Nc5 58. Nc6+ Kd5 59. Ne7+ Ke6 60. Nc6 Ne4 61. Nb4 Nf6 62. Nc2 Kf5 63. Ne3+ Kf4 64. Nc4 Bf3+ 65. Kh3 e4 66. Nb2 e3 67. Nd3+ Ke4 68. Nc5+ Kd4 69. Ne6+ Ke5 70. Ng5 Bg4+ 71. Kg2 e2 72. Nf7+ Kf4 73. Kf2 Ne4+ 74. Ke1 Kg3 75. Ne5 Kxh4 76. Nd3 Kg3 0-1


[Site "https://www.chess.com"]

[Event "Titled Tuesday Blitz April 19 Late 2022"]
[White "Sarkar, Justin"]
[Black "Krishnakumar, Sriram"]
[WhiteFideId "2010011"]
[BlackFideId "30915856"]
[WhiteElo "2038"]
[BlackElo "2424"]
[Result "1-0"]
[Round "10"]
[TimeControl "180+1"]
[Date "2022.04.19"]
[WhiteClock "0:00:15"]
[BlackClock "0:00:43"]

1. e4 e5 2. Nc3 Nf6 3. Bc4 Nc6 4. d3 Bc5 5. Bg5 h6 6. Bh4 g5 7. Bg3 d6 8. Na4 Bg4 9. f3 Bc8 10. Nxc5 dxc5 11. c3 O-O 12. Ne2 a6 13. h4 Kg7 14. hxg5 hxg5 15. Qd2 Nh7 16. O-O-O Rh8 17. Bd5 f6 18. Bxc6 bxc6 19. Bf2 Be6 20. c4 Qe7 21. Qa5 Qf7 22. Bxc5 Rhb8 23. b3 Nf8 24. Bxf8+ Rxf8 25. d4 exd4 26. Nxd4 Bd7 27. Qxc7 Rac8 28. Qxd7 Qxd7 29. Nf5+ Qxf5 30. exf5 Rf7 31. Rhe1 Rh8 32. Re6 Rh2 33. Rd2 c5 34. Rxa6 Re7 35. Rc6 Re1+ 36. Kc2 Rg1 37. g4 Rxd2+ 38. Kxd2 Rg2+ 39. Ke3 Rxa2 40. Rxc5 Rb2 41. Rb5 Kf7 42. Rb7+ Ke8 43. c5 Rc2 44. b4 Rc3+ 45. Ke4 Rb3 46. c6 Kd8 47. b5 Kc8 48. Kd5 Re3 49. Rf7 Rxf3 50. b6 1-0


[Site "https://www.chess.com"]

[Event "Titled Tuesday Blitz April 19 Late 2022"]
[White "Skliarov, Viktor"]
[Black "Nathan, Nitish"]
[WhiteFideId "14106736"]
[BlackFideId "30927870"]
[WhiteElo "2229"]
[BlackElo "2319"]
[Result "1-0"]
[Round "10"]
[TimeControl "180+1"]
[Date "2022.04.19"]
[WhiteClock "0:00:52"]
[BlackClock "0:01:44"]

1. e4 c5 2. Nf3 Nc6 3. Bb5 g6 4. O-O Bg7 5. Re1 e5 6. Bxc6 bxc6 7. c3 Ne7 8. d4 cxd4 9. cxd4 exd4 10. Nxd4 O-O 11. Nc3 Rb8 12. b3 c5 13. Nde2 d5 14. exd5 Nxd5 15. Qxd5 Qxd5 16. Nxd5 Bxa1 17. Bf4 Be6 18. Ne7+ Kg7 19. Bxb8 Bf6 20. Bd6 Rd8 21. Bxc5 Rd7 22. Nc6 Rc7 23. Ned4 Bxd4 24. Bxd4+ Kg8 25. Ne5 Rc2 26. Ra1 Rd2 27. Bxa7 Bf5 28. Be3 Rd8 29. a4 Ra8 30. a5 Bd7 31. a6 1-0


[Site "https://www.chess.com"]